 Dungeon Crawl Stone Soup version 0.30.1-9-gdf580d7c3d (webtiles) character file.

Game seed: 9293739771180760347

21 Ivernyr the Trooper (level 2, 16/16 HPs)
             Began as a Vine Stalker Fighter on Sept 28, 2023.
             Got out of the dungeon alive.
             The game lasted 00:01:06 (422 turns).

Ivernyr the Trooper (Vine Stalker Fighter)           Turns: 422, Time: 00:01:07

Health: 16/16      AC:  6    Str: 18    XL:     2   Next: 83%
Magic:  3/3        EV:  9    Int:  8    God:
Gold:   29         SH:  4    Dex: 13    Spells: 1/1 levels left

rFire   . . .        a - +0 flail
rCold   . . .        c - +0 buckler
rNeg    . . .        b - +0 scale mail
rPois   .            (no helmet)
rElec   .            (no cloak)
rCorr   .            (no gloves)
SInv    .            (no boots)
Will    .....        (no amulet) Stlth
                     (no ring)
HPRegen 0.22/turn    (no ring)
MPRegen 0.08/turn

%: guardian spirit
@: no status effects
A: fangs 2, magic shield, antimagic bite, no potion heal 2
a: no special abilities


You escaped.
You visited 1 branch of the dungeon, and saw 1 of its levels.

You collected 29 gold pieces.

Inventory:

Hand Weapons
 a - a +0 flail (weapon)
Armour
 b - a +0 scale mail (worn)
 c - a +0 buckler (worn)
Scrolls
 f - a scroll of poison {unknown}
Potions
 d - a potion of might
 e - a potion of flight {unknown}
 g - a potion of curing {unknown}


   Skills:
 + Level 2.9 Fighting
 * Level 2.2 Maces & Flails
 + Level 2.6 Armour
 + Level 2.9 Shields


You had one spell level left.
You didn't know any spells.
Your spell library was empty.

Dungeon Overview and Level Annotations

Branches:
Dungeon (1/15)

Altars:


Innate Abilities, Weirdness & Mutations

You have extremely sharp teeth.
When hurt, damage is shared between your health and your magic reserves.
Your bite disrupts and absorbs the magic of your enemies.
Potions cannot restore your health.


Message History

The jackal closely misses you.
The jackal bites you but does no damage.
You hit the jackal.
You kill the jackal!
A kobold comes into view. It is wielding a +0 short sword.
Found a stone.
The kobold shouts!
A kobold is nearby!
You see here a stone.
You closely miss the kobold. The kobold barely misses you.
You hit the kobold but do no damage. Your bite misses the kobold.
The kobold hits you but does no damage.
The kobold hits you with a +0 short sword.
You hit the kobold.
You kill the kobold!
You see here a +0 short sword.
You see here a stone.
A giant cockroach comes into view.
Found a cyan potion.
You sock the giant cockroach!
You kill the giant cockroach!
You see here a giant cockroach corpse.
You now have 29 gold pieces (gained 10).
A bat comes into view.
A bat is nearby!
The bat closely misses you. You block the bat's attack.
You hit the bat.
You kill the bat!
g - a cyan potion
(D) Dungeon
Where to? (? - help)
What level of the Dungeon? (default 1, ? - help)
There is a huge open gate here.
The goblin shouts!
There is an open gate here.
The kobold shouts!
There is a staircase leading out of the dungeon here.
Are you sure you want to leave the Dungeon?
This will make you lose the game!
You have escaped!

#.# #.# ### #.# .. ..
#.#############.##.#.
#####....................
........................
#####...................
#...#################........
#...#~~~~~~~@~~~~~~~#.......#
#...#~~~~~~~.~~~~~~~#..!.....
#####...#~~~~~~....~~~~~#........
........#~~~..........~~#........
#####...#~~............~#........
#...#~.............~#........
#...###..8.###.8..###........
#...#K#...........#g#........
#...#######'''#######........


You could see a goblin and a kobold.

Vanquished Creatures
  2 dart slugs (D:1)
  2 ball pythons (D:1)
  An endoplasm (D:1)
  A giant cockroach (D:1)
  A goblin (D:1)
  A hobgoblin (D:1)
  3 jackals (D:1)
  2 bats (D:1)
  A kobold (D:1)
  A rat (D:1)
15 creatures vanquished.

Notes
Turn   | Place    | Note
-------+----------+-------------------------------------------
     0 | D:1      | Ivernyr the Vine Stalker Fighter began the quest for the
                  | Orb.
     0 | D:1      | Reached XP level 1. HP: 11/11 MP: 2/2
    87 | D:1      | Reached XP level 2. HP: 12/16 MP: 3/3
   422 | D:$      | Got out of the dungeon alive.

Illustrated notes

Levels and vault maps discovered:
D:1:      lordsloth_arrival_two_stooges, layout_basic,
          hellmonk_ecumenical_altar_inner_sanctum

Skill      XL: |  1 |
---------------+----+-----
Maces & Flails | 2 |  2.2
Fighting       | |  2.9
Armour         | |  2.6
Shields        | |  2.9

Action                     || total
---------------------------++-------
  Melee: Flail             ||    35
         Bite              ||     6
 Armour: Scale mail        ||    18
  Dodge: Dodged            ||    15
  Block: Buckler           ||     8
